Map: Eternal Empire LE

Players

Neeblet (Neeb)

  • Race: Protoss Protoss
  • Spawn Location: 1:00

Serral - Winner!

  • Race: Zerg Zerg
  • League: Grandmaster
  • Spawn Location: 7:00

Event: War Chest Team League

VOD

Have the link to the VOD?

Description

Time

  • Played on: July 24, 2020, 7:28 a.m.
  • Length: 11:52
Show
View Real Time Build Order
Export as new Build Order

Neeblet Protoss 

Build Orders: 1 Gate Expand, Oracle Opening, Phoenix Opening, Mass Phoenix 

Get SALT Encoding   

  12  0:00  Probe  
  13  0:13  Probe  
  14  0:17  Pylon  
  14  0:24  Probe  
  15  0:33  Probe  
  15  0:38  Gateway  
  15  0:41  Probe  
  16  0:47  Assimilator  
  17  0:51  Probe  
  18  1:03  Probe  
  19  1:15  Probe  
  20  1:23  Nexus  
  20  1:34  Cybernetics Core  
  20  1:37  Probe  
  21  1:45  Assimilator  
  21  1:49  Probe  
  21  1:53  Pylon  
  22  1:58  Probe  
  22  2:01  Adept  
  23  2:07  Probe  
  26  2:16  Probe  
  26  2:22  Stargate  
  27  2:28  Probe  
  28  2:31  Adept  
  28  2:32  Probe  
  28  2:35  Warp Gate  
  31  2:40  Probe x2  
  33  2:50  Probe  
  33  2:53  Probe  
  35  2:59  Gateway, Phoenix  
  35  3:02  Probe  
  35  3:05  Probe  
  39  3:14  Probe  
  39  3:16  Pylon  
  39  3:17  Probe  
  39  3:18  Oracle  
  41  3:26  Probe  
  45  3:29  Probe  
  45  3:33  Assimilator  
  46  3:35  Assimilator  
  46  3:38  Probe  
  46  3:41  Probe  
  48  3:42  Pylon  
  48  3:50  Probe  
  48  3:53  Probe  
  48  3:55  Stargate  
  51  4:02  Probe  
  51  4:04  Phoenix  
  51  4:05  Probe  
  54  4:12  Pylon  
  54  4:15  Probe  
  55  4:17  Probe  
  55  4:21  Pylon  
  55  4:22  Phoenix  
  56  4:27  Probe  
  56  4:29  Probe  
  60  4:34  Phoenix  
  60  4:40  Adept x2  
  60  4:41  Probe  
  60  4:44  Phoenix  
  70  4:54  Pylon  
  70  4:57  Phoenix  
  71  5:06  Probe  
  71  5:07  Probe, Nexus  
  73  5:08  Pylon  
  73  5:11  Pylon  
  73  5:14  Phoenix  
  73  5:19  Forge, Phoenix  
  76  5:21  Twilight Council, Probe  
  76  5:22  Probe  
  79  5:33  Shield Battery, Probe  
  79  5:35  Probe  
  81  5:37  Sentry x2  
  85  5:45  Probe, Protoss Ground Weapons Level 1  
  85  5:47  Charge, Probe  
  87  5:51  Gateway  
  87  5:54  Gateway  
  83  5:57  Probe  
  84  6:04  Sentry  
  84  6:05  Zealot  
  84  6:07  Probe  
  84  6:11  Probe  
  90  6:17  Gateway  
  90  6:19  Gateway  
  90  6:22  Robotics Facility  
  90  6:25  Probe  
  90  6:29  Assimilator x2  
  90  6:30  Probe  
  90  6:31  Pylon  
  92  6:35  Probe  
  93  6:40  Probe, Zealot  
  93  6:41  Zealot  
  93  6:42  Probe  
  99  6:50  Probe  
  99  6:52  Probe  
  99  6:54  Gateway, Probe  
  99  6:56  Gateway  
  100  7:05  Observer  
  100  7:07  Gateway  
  100  7:09  Gateway  
  100  7:12  Pylon  
  101  7:17  Zealot x6  
  101  7:20  Templar Archives  
  113  7:23  Pylon, Warp Prism  
  115  7:30  Pylon  
  115  7:31  Pylon  
  115  7:37  Protoss Ground Weapons Level 2, Zealot  
  115  7:38  Zealot x4  
  125  7:48  Photon Cannon  
  123  7:53  Photon Cannon  
  123  7:57  High Templar x3  
  129  7:59  High Templar  
  129  8:00  High Templar x2  
  129  8:01  High Templar x2  
  129  8:02  Archon  
  129  8:04  Archon x2  
  139  8:07  Archon  
  139  8:12  Pylon  
  139  8:16  Pylon  
  139  8:17  Stalker x2  
  143  8:31  Zealot  
  143  8:32  Zealot x5  
  143  8:33  Zealot  
  157  8:36  Zealot  
  149  8:53  Immortal  
  124  9:01  Stalker, Zealot x4  
  124  9:02  Stalker x3, High Templar x2  
  121  9:10  Probe x2, Psionic Storm  
  121  9:28  High Templar x2, Zealot x3  
  121  9:29  Zealot  
  127  9:32  Nexus  
  121  9:39  High Templar, Zealot  
  121  9:40  Zealot x2  
  121  9:41  Immortal  
  131  9:48  Archon  
  131  9:56  High Templar  
  131  9:57  Zealot x3  
  139  10:03  Probe  
  139  10:04  Probe  
  139  10:05  Probe  
  131  10:15  Probe  
  131  10:20  Stalker, Warp Prism  
  131  10:21  Stalker  
  138  10:23  Stalker x5  
  138  10:27  Pylon x2  
  148  10:45  High Templar x2  
  152  10:56  Immortal, Zealot x2  
  154  10:58  Zealot x4  
  154  11:01  Archon  
  154  11:03  Zealot x2  
  145  11:11  Probe  
  145  11:18  Zealot x2  
  148  11:19  Probe x2  
  148  11:24  Zealot  
  148  11:25  Zealot x2  
  152  11:31  High Templar x3, Archon  
  147  11:33  Probe x2  
  131  11:42  Archon  
Show
View Real Time Build Order
Export as new Build Order

Serral Zerg - Winner!

Build Orders: Hatch First 

Get SALT Encoding   

  12  0:01  Drone  
  13  0:12  Overlord  
  13  0:17  Drone  
  14  0:30  Drone x2  
  16  0:48  Hatchery  
  15  0:51  Drone  
  15  0:55  Drone  
  17  0:58  Drone  
  18  1:08  Extractor  
  17  1:13  Spawning Pool  
  17  1:17  Drone  
  17  1:20  Drone  
  18  1:28  Drone  
  19  1:39  Drone  
  20  1:51  Overlord  
  20  2:00  Queen x2  
  20  2:01  Zergling x4  
  26  2:11  Drone x2  
  26  2:12  Metabolic Boost  
  28  2:23  Drone x2  
  30  2:38  Hatchery, Drone  
  30  2:41  Drone  
  31  2:44  Overlord  
  31  2:48  Drone  
  32  2:53  Queen  
  32  2:57  Drone  
  35  2:59  Drone  
  36  3:06  Drone x2  
  36  3:09  Drone x2  
  36  3:12  Overlord  
  40  3:19  Zergling x4  
  42  3:26  Overlord  
  42  3:27  Drone  
  42  3:32  Spore Crawler  
  42  3:33  Queen  
  44  3:38  Drone x2  
  46  3:42  Drone x3  
  46  3:45  Overlord  
  46  3:46  Drone  
  50  3:51  Queen  
  50  3:54  Drone x2  
  54  3:57  Drone x2  
  54  4:00  Spore Crawler  
  55  4:03  Drone  
  55  4:07  Drone x2  
  58  4:10  Spore Crawler  
  58  4:11  Overlord  
  58  4:12  Zergling x2  
  58  4:13  Drone  
  58  4:16  Overlord  
  59  4:20  Drone x2  
  59  4:22  Drone  
  62  4:24  Drone x2  
  62  4:28  Spore Crawler  
  63  4:33  Drone  
  63  4:35  Overlord, Roach Warren  
  63  4:40  Lair  
  63  4:42  Extractor  
  63  4:43  Extractor, Zergling x2  
  63  4:44  Drone x2  
  64  4:47  Drone x2  
  64  4:49  Drone  
  67  4:53  Drone  
  67  4:56  Drone  
  67  4:57  Drone  
  69  5:01  Evolution Chamber  
  69  5:04  Zergling x4  
  69  5:05  Drone x2  
  72  5:09  Extractor  
  72  5:11  Drone x2  
  72  5:12  Overlord  
  72  5:14  Overlord  
  73  5:16  Overlord  
  73  5:22  Drone x2  
  73  5:23  Drone x2  
  73  5:25  Overlord  
  73  5:27  Extractor  
  75  5:30  Zerg Melee Weapons Level 1, Drone  
  75  5:31  Drone  
  77  5:36  Drone x2  
  77  5:40  Overseer, Spire  
  77  5:42  Roach x3  
  84  5:44  Extractor, Drone x3  
  86  5:52  Drone x2  
  87  6:00  Spore Crawler x2  
  87  6:03  Overlord  
  86  6:04  Drone x6  
  91  6:15  Zergling x12, Spore Crawler  
  91  6:18  Hatchery  
  95  6:25  Drone x2  
  96  6:27  Drone  
  96  6:28  Unknown  
  96  6:35  Drone  
  96  6:36  Drone x7  
  97  6:40  Drone  
  97  6:47  Drone x4  
  99  6:55  Glial Reconstitution, Drone, Zerg Flyer Weapons Level 1  
  99  6:57  Baneling Nest  
  99  6:58  Overlord  
  98  7:05  Corruptor x3  
  98  7:07  Corruptor  
  106  7:11  Corruptor x2  
  106  7:14  Corruptor  
  110  7:19  Roach x3  
  110  7:22  Roach  
  114  7:24  Overlord  
  114  7:26  Zerg Melee Weapons Level 2  
  114  7:32  Drone x2  
  114  7:34  Roach x2  
  120  7:41  Overlord  
  120  7:42  Roach x2  
  120  7:43  Roach x2  
  128  7:46  Centrifical Hooks  
  127  7:52  Baneling x6  
  127  7:54  Roach x3  
  127  7:55  Roach  
  135  8:03  Overlord x3  
  135  8:08  Overlord  
  135  8:11  Ravager x3  
  135  8:12  Ravager, Roach x2  
  143  8:15  Drone, Spore Crawler  
  143  8:16  Baneling x8  
  143  8:21  Zergling x4  
  143  8:23  Overlord  
  143  8:26  Overlord  
  145  8:27  Ravager  
  145  8:28  Ravager x2, Drone  
  145  8:31  Zergling x6, Roach x2  
  156  8:37  Baneling  
  156  8:39  Zergling x14  
  154  8:50  Zergling x20  
  151  8:59  Zergling x8, Roach x2  
  142  9:10  Drone x3  
  142  9:11  Drone x6  
  150  9:19  Ravager  
  150  9:20  Ravager  
  150  9:23  Ravager  
  150  9:24  Ravager x7  
  159  9:26  Hatchery  
  159  9:27  Zergling x8  
  158  9:35  Zergling x12  
  162  9:38  Baneling x6  
  162  9:43  Drone, Zerg Missile Weapons Level 1  
  162  9:44  Overlord, Drone  
  164  9:47  Zergling x10  
  164  9:51  Baneling  
  164  9:52  Baneling x8  
  169  10:00  Zergling x14, Infestation Pit  
  172  10:09  Drone  
  172  10:10  Baneling x12  
  172  10:12  Overlord  
  172  10:13  Overlord  
  173  10:18  Zergling x16  
  181  10:25  Baneling x7  
  179  10:30  Drone x2  
  181  10:36  Pneumatized Carapace  
  181  10:43  Evolution Chamber  
  181  10:45  Zergling x32  
  181  10:47  Baneling x4  
  182  11:08  Zergling x36  
  188  11:12  Queen  
  188  11:13  Drone  
  188  11:14  Baneling  
  188  11:15  Baneling x4  
  189  11:21  Zergling x14  
  189  11:24  Hatchery  
  192  11:31  Zergling x16  
  194  11:33  Baneling x6  
Tags
 
Add a new tag
Caveats
  • Supply blocks, unpowered buildings, or Contaminate may cause inaccurate times.
  • Supply counts are checked every 10 seconds.